 Dungeon Crawl Stone Soup version 0.29.1-12-g30fa7ad0bf (webtiles) character file.

Game seed: 16616419053603329818

24279 EarthwalkerPL the Protected (level 12, -7/110 (112) HPs)
             Began as a Minotaur Fighter on Jan 3, 2023.
             Was a High Priest of Okawaru.
             Mangled by an orc warrior
             ... wielding a +0 battleaxe
             ... led by an orc warlord
              (11 damage)
             ... while paralysed by an orc sorcerer
             ... on level 2 of the Orcish Mines.
             The game lasted 00:35:45 (14144 turns).

EarthwalkerPL the Protected (Minotaur Fighter)     Turns: 14144, Time: 00:35:46

HP:   -7/110 (112)  AC: 19    Str: 24    XL:     12   Next: 79%
MP:   13/13         EV:  2    Int:  5    God:    Okawaru [*****.]
Gold: 795           SH:  0    Dex: 20    Spells: 11/11 levels left

rFire   . . .      SeeInvis .   n - +11 spear "EarthwalkerPL's Death" {vamp, *Rage rPois rC- Dex+8 Stlth+}
rCold   x . .      Faith    .   c - +0 buckler
rNeg    . . .      Spirit   .   v - +0 plate armour
rPois   +          Reflect  .   (helmet restricted)
rElec   .          Harm     .   (no cloak)
rCorr   +          Rampage  .   (no gloves)
Will    .....      Rage     20% (no boots)
Stlth   ..........              X - amulet of the acrobat
HPRegen 0.28/turn               S - +4 ring of protection
MPRegen 0.13/turn               T - ring of resist corrosion

@: paralysed, studying Ranged Weapons, lightly drained
A: horns 2, retaliatory headbutt, deterioration 1
a: Renounce Religion, Heroism, Finesse, Duel


You were on level 2 of the Orcish Mines.
You worshipped Okawaru.
Okawaru was extremely pleased with you.
You visited 3 branches of the dungeon, and saw 15 of its levels.

You collected 795 gold pieces.

Inventory:

Hand Weapons
 n - the +11 spear "EarthwalkerPL's Death" (weapon) {vamp, *Rage rPois rC- Dex+8 Stlth+}
   (You found it on level 2 of the Dungeon)

   It occasionally heals its wielder for a portion of the damage dealt when it
   wounds a living foe.
   Dex:       It affects your dexterity (+8).
   rC:        It makes you vulnerable to cold.
   rPois:     It protects you from poison.
   *Rage:     It berserks you when you make melee attacks (+20% chance).
   Stlth:     It makes you more stealthy.
 N - the +10 spear of Plague {freeze, rF+ Stlth+}
   (You found it on level 7 of the Dungeon)

   It freezes those it strikes, dealing additional cold damage.
   It can also slow down cold-blooded creatures.
   rF:        It protects you from fire.
   Stlth:     It makes you more stealthy.
Missiles
 a - 2 boomerangs of dispersal
 f - 33 poisoned darts
 g - 3 boomerangs
 x - 4 javelins (quivered)
 P - an atropa-tipped dart
 V - a curare-tipped dart
Armour
 c - a +0 buckler (worn)
 v - a +0 plate armour (worn)
 W - the +2 ring mail of Zuczekk {+Inv rElec Will- Int+4}
   (Okawaru gifted it to you on level 11 of the Dungeon)

   Int:       It affects your intelligence (+4).
   rElec:     It insulates you from electricity.
   +Inv:      It lets you turn invisible.
   Will:      It decreases your willpower.
Jewellery
 e - an amulet of faith
 y - a ring of positive energy
 A - the amulet of Elemental Vulnerability {rPois rF-- rC-- AC+8}
   (You took it off an orc on level 4 of the Dungeon)

   [amulet of nothing]

   AC:        It affects your AC (+8).
   rF:        It makes you very vulnerable to fire.
   rC:        It makes you very vulnerable to cold.
   rPois:     It protects you from poison.
 E - a ring of wizardry
 S - a +4 ring of protection (left hand)
 T - a ring of resist corrosion (right hand)
 X - an amulet of the acrobat (around neck)
 Y - a ring of ice
Wands
 r - a wand of polymorph (10)
 K - a wand of flame (9)
 M - a wand of roots (25)
 R - a wand of paralysis (11)
Scrolls
 i - 14 scrolls of identify {unknown}
 q - 8 scrolls of enchant armour {unknown}
 t - 4 scrolls of vulnerability {unknown}
 z - 8 scrolls of teleportation {unknown}
 B - 2 scrolls of fear {unknown}
 C - a scroll of fog {unknown}
 D - 2 scrolls of torment {unknown}
 F - a scroll of noise {unknown}
 G - 2 scrolls of summoning {unknown}
 H - 3 scrolls of enchant weapon {unknown}
 J - 2 scrolls of amnesia {unknown}
 O - 2 scrolls of poison {unknown}
 Q - a scroll of blinking {unknown}
 U - a scroll of immolation {unknown}
 Z - a scroll of magic mapping {unknown}
Potions
 d - 3 potions of might
 h - 5 potions of flight {unknown}
 j - 3 potions of cancellation {unknown}
 k - 2 potions of brilliance {unknown}
 l - 2 potions of haste
 m - 2 potions of lignification {unknown}
 o - 5 potions of curing {unknown}
 p - 4 potions of attraction {unknown}
 s - a potion of heal wounds
 u - 2 potions of ambrosia {unknown}
 w - 2 potions of degeneration {unknown}
 I - 2 potions of mutation {unknown}
 L - a potion of resistance {unknown}


   Skills:
 * Level 12.2 Fighting
 * Level 12.0(13.9) Axes
 * Level 11.5(13.6) Polearms
 * Level 3.8 Throwing
 * Level 12.4 Armour
 + Level 9.1 Shields
 * Level 3.7 Invocations
 * Level 3.5 Evocations


You had 11 spell levels left.
You didn't know any spells.
Your spell library contained the following spells:

 Spells                   Type           Power      Damage    Failure   Level
 Apportation              Tloc           0%         N/A       99%         1
 Necrotise                Necr           0%         1d4       99%         1
 Inner Flame              Hex/Fire       0%         N/A       100%        3
 Portal Projectile        Hex/Tloc       0%         N/A       100%        3
 Cause Fear               Hex            0%         N/A       100%        4
 Blade Hands              Tmut           0%         N/A       100%        5
 Fireball                 Conj/Fire      0%         3d3       100%        5
 Starburst                Conj/Fire      0%         6d3       100%        6
 Discord                  Hex            0%         N/A       100%        8
 Ignition                 Fire           0%         3d3       100%        8
 Summon Small Mammal      Summ           Unusable   N/A       N/A         1
 Tukima's Dance           Hex            Unusable   N/A       N/A         3

Dungeon Overview and Level Annotations

Branches:
Dungeon (12/15)            Temple (1/1) D:7            Lair (0/5) D:8
    Orc (2/2) D:12
    Elf: Orc:2

Altars:
Ashenzari
Cheibriados
Dithmenos
Elyvilon
Fedhas
Gozag
Hepliaklqana
Kikubaaqudgha
Makhleb
Nemelex Xobeh
Okawaru
Qazlal
Ru
Sif Muna
Trog
Uskayaw
Vehumet
Wu Jian
Xom
Yredelemnul
Zin
The Shining One

Shops:
D:4 =((   D:6 [*   D:10 :

Annotations:
D:3 1 runed translucent door, daiconan's ghost, weakling MiBe


Innate Abilities, Weirdness & Mutations

You have a pair of horns on your head.
You reflexively headbutt those who attack you in melee.
Your body sometimes deteriorates upon taking damage.


Message History

The orc sorcerer gestures at you while chanting.
The bolt of negative energy hits the orc!!
The orc is drained!
The orc dies!
The bolt of negative energy misses you.
You hit the orc warrior but do no damage.
The orc warrior is almost dead.
Unknown command.
You hit the orc warrior.
You kill the orc warrior!
Okawaru accepts your kill.
The orc priest hits you but does no damage.
The orc warrior hits you but does no damage.
You blink.
A two-headed ogre, an ogre and an orc come into view.
The orc is wielding a +0 short sword of draining.
The orc sorcerer points at you and mumbles some strange words.
You suddenly lose the ability to move!
The two-headed ogre shouts in stereo!
The ogre shouts! x2; You hear a shout! x3
The orc warrior hits you but does no damage.
Space warps horribly around you!
The two-headed ogre hits you with a +0 giant club!!
The two-headed ogre barely misses you.
The orc warrior hits you with a +0 battleaxe.
The orc priest hits you with a +0 club.
The orc sorcerer gestures at you while chanting.
The bolt of negative energy hits you!
You feel drained.
The orc warrior hits you with a +0 halberd of distortion.
Space warps around you.
The two-headed ogre hits you with a +0 giant club!
The two-headed ogre hits you with a +0 giant club.
The orc priest calls down the wrath of Beogh upon you.
Beogh smites you!
* * * LOW HITPOINT WARNING * * *
The orc warrior hits you but does no damage.
Space warps horribly around you!!
* * * LOW HITPOINT WARNING * * *
The orc sorcerer hits you but does no damage.
The orc warrior hits you with a +0 battleaxe!
You die...

#...# #...# ##..## .#
## #...# #.#.##.##
##.### #.......#
#..ยง)##
.........###.[)..##
............#oo....##
........<#..oO@......#
......^....oOoOo..#.##
.........O......####
...........O......#
...#..............#
#...#......O..#....#
#...<..............#
#...............#.##
#..........#....####


You could see 3 two-headed ogres, an orc sorcerer, 2 orc warriors, 3 ogres, an
orc priest, an orc wizard and an orc.

Vanquished Creatures
  An orc warlord (Orc:1)
  Snorg (D:10)
  A hydra (D:12)
  2 boulder beetles
  3 two-headed ogres
  A centaur warrior (D:8)
  Pikel (D:5)
  2 ugly things
  2 deep elf pyromancers
  An orc sorcerer (Orc:1)
  2 cyclopes
  An elephant (shapeshifter) (D:8)
  A manticore (D:11)
  2 gargoyles
  A komodo dragon (D:12)
  8 trolls
  A hornet (D:8)
  11 slime creatures
  Prince Ribbit (D:6)
  2 wraiths
  Sigmund (D:2)
  A shadow (D:8)
  10 yaks
  3 vampires
  Eustachio (D:5)
  A wyvern (D:10)
  4 hogs (D:8)
  A human (D:8)
  2 vampire mosquitoes (D:10)
  Menkaure (D:5)
  A steam dragon (D:8)
  A warg (Orc:2)
  Duvessa (D:5)
  2 ice beasts
  A sky beast (D:7)
  9 orc warriors
  6 ogres
  2 centaurs (D:9)
  4 lemures
  2 phantoms (D:4)
  4 kobold brigands
  2 bullfrogs
  2 necrophages
  A gnoll sergeant (D:7)
  2 scorpions
  8 wights
  Dowan (D:5)
  13 killer bees
  6 howler monkeys
  6 hounds
  A jelly (D:7)
  7 orc priests
  A gnoll bouda (D:7)
  5 iguanas
  15 orc wizards
  Robin (D:2)
  20 gnolls
  6 adders
  2 ufetubi
  6 worms
  A dart slug (D:1)
  59 orcs
  9 ball pythons
  5 bats
  6 endoplasms
  4 giant cockroaches
  11 goblins
  17 hobgoblins
  16 jackals
  9 quokkas
  6 frilled lizards
  24 kobolds
  6 rats
381 creatures vanquished.

Vanquished Creatures (others)
  An orc (Orc:2)
1 creature vanquished.

Grand Total: 382 creatures vanquished

Notes
Turn   | Place    | Note
-------+----------+-------------------------------------------
     0 | D:1      | EarthwalkerPL the Minotaur Fighter began the quest for the
                  | Orb.
     0 | D:1      | Reached XP level 1. HP: 19/19 MP: 0/0
   284 | D:1      | Reached XP level 2. HP: 27/27 MP: 1/1
   629 | D:1      | Reached XP level 3. HP: 33/33 MP: 2/2
  1144 | D:2      | Noticed Robin
  1445 | D:2      | Killed Robin
  1446 | D:2      | Reached XP level 4. HP: 26/41 MP: 3/3
  1707 | D:2      | Identified the +11 spear "EarthwalkerPL's Death" {vamp,
                  | *Rage rPois rC- Dex+8 Stlth+}
  1873 | D:2      | Reached skill level 1 in Polearms
  1879 | D:2      | Noticed Sigmund
  1886 | D:1      | Reached XP level 5. HP: 37/47 MP: 4/4
  2014 | D:2      | Killed Sigmund
  2015 | D:2      | Reached skill level 5 in Fighting
  2015 | D:2      | Reached skill level 5 in Armour
  2015 | D:2      | Reached XP level 6. HP: 56/56 MP: 5/5
  2808 | D:3      | Found a runed translucent door.
  2811 | D:3      | Noticed daiconan's ghost (weakling MiBe)
  3484 | D:3      | Found a faded altar of an unknown god.
  3833 | D:4      | Found Reabeel's Weapon Shoppe.
  3922 | D:4      | Found Boucs's Weapon Shoppe.
  4058 | D:4      | Found Woiq's Jewellery Emporium.
  4073 | D:4      | Reached skill level 5 in Axes
  4073 | D:4      | Reached XP level 7. HP: 60/62 MP: 6/6
  4964 | D:5      | Entered Level 5 of the Dungeon
  4966 | D:5      | Noticed Pikel
  4992 | D:5      | Reached skill level 5 in Shields
  4995 | D:5      | Killed Pikel
  4996 | D:5      | Reached skill level 5 in Polearms
  4996 | D:5      | Reached XP level 8. HP: 71/71 MP: 7/7
  5043 | D:5      | Noticed Duvessa
  5043 | D:5      | Noticed Dowan
  5053 | D:5      | Killed Duvessa
  5062 | D:5      | Killed Dowan
  5111 | D:5      | Noticed Eustachio
  5111 | D:5      | Noticed Menkaure
  5115 | D:5      | Killed Eustachio
  5124 | D:5      | Killed Menkaure
  5585 | D:6      | Reached XP level 9. HP: 79/79 MP: 8/8
  5799 | D:6      | Found Teill's General Store.
  5843 | D:6      | Noticed Prince Ribbit
  5850 | D:6      | Killed Prince Ribbit
  5941 | D:6      | Found Desano's Antique Armour Shoppe.
  6024 | D:6      | Found an ancient bone altar of Kikubaaqudgha.
  6199 | D:7      | Found a staircase to the Ecumenical Temple.
  6210 | Temple   | Entered the Ecumenical Temple
  6539 | Temple   | Became a worshipper of Warmaster Okawaru
  6821 | D:7      | Identified the +10 spear of Plague {freeze, rF+ Stlth+}
  6837 | D:7      | Reached * piety under Okawaru
  7393 | D:8      | Noticed a troll
  7393 | D:8      | Noticed a deep elf pyromancer
  7424 | D:8      | Killed a troll
  7425 | D:8      | Reached XP level 10. HP: 75/91 MP: 9/9
  7432 | D:8      | Killed a deep elf pyromancer
  7432 | D:8      | Reached ** piety under Okawaru
  7509 | D:8      | Noticed a centaur warrior
  7509 | D:8      | Noticed a cyan ugly thing
  7509 | D:8      | Noticed a cyclops
  7519 | D:8      | Killed a centaur warrior
  8095 | D:8      | Noticed an elephant
  8103 | D:8      | Killed an elephant
  8151 | D:8      | Reached skill level 10 in Armour
  8379 | D:8      | Reached *** piety under Okawaru
  8408 | D:8      | Reached skill level 10 in Fighting
  8453 | D:8      | Found a staircase to the Lair.
  8536 | D:8      | Killed a cyclops
  8604 | D:8      | Killed a cyan ugly thing
  8817 | D:8      | Reached **** piety under Okawaru
  8820 | D:8      | Received a gift from Okawaru
  8824 | D:8      | Reached skill level 10 in Axes
  8824 | D:8      | Reached XP level 11. HP: 101/101 MP: 10/10
  9271 | D:9      | Found an ornate altar of the Wu Jian Council.
  9571 | D:9      | Found a transporter.
  9871 | D:10     | Entered Level 10 of the Dungeon
  9932 | D:10     | Noticed Snorg
  9950 | D:10     | Killed Snorg
  9950 | D:10     | Reached ***** piety under Okawaru
  9951 | D:10     | Reached skill level 10 in Polearms
 10388 | D:10     | Found Qolial's Book Shop.
 10839 | D:11     | Noticed a boulder beetle
 10883 | D:11     | Killed a boulder beetle
 10978 | D:11     | Identified the +2 ring mail of Zuczekk {+Inv rElec Will-
                  | Int+4} (Okawaru gifted it to you on level 11 of the
                  | Dungeon)
 10978 | D:11     | Received a gift from Okawaru
 11046 | D:11     | Reached skill level 1 in Throwing
 11054 | D:11     | Noticed a two-headed ogre
 11063 | D:11     | Killed a two-headed ogre
 11064 | D:11     | Reached skill level 1 in Invocations
 11064 | D:11     | Reached skill level 1 in Evocations
 11480 | D:12     | Reached XP level 12. HP: 110/110 MP: 10/12
 11531 | D:12     | Noticed a boulder beetle
 11822 | D:12     | Killed a boulder beetle
 12366 | D:12     | Noticed a two-headed ogre
 12370 | D:12     | Killed a two-headed ogre
 12460 | D:12     | Found a staircase to the Orcish Mines.
 12540 | D:12     | Identified the +2 robe "Foneoc" {Harm rPois}
 12599 | D:12     | Noticed a five-headed hydra
 12615 | D:12     | Killed a five-headed hydra
 13109 | Orc:1    | Entered Level 1 of the Orcish Mines
 13573 | Orc:2    | Entered Level 2 of the Orcish Mines
 13575 | Orc:2    | Noticed a two-headed ogre
 13576 | Orc:2    | Noticed an ogre mage
 13578 | Orc:2    | Noticed an ogre mage
 13579 | Orc:2    | Noticed a two-headed ogre
 13580 | Orc:2    | Noticed an ogre mage
 13582 | Orc:2    | Noticed an ogre mage
 13585 | Orc:2    | Noticed a two-headed ogre
 13587 | Orc:2    | Noticed a two-headed ogre
 13656 | Orc:2    | Noticed a two-headed ogre
 13675 | Orc:2    | Killed a two-headed ogre
 13675 | Orc:2    | Received a gift from Okawaru
 13918 | Orc:2    | Paralysed by an orc sorcerer for 4 turns
 13922 | Orc:2    | Noticed an orc warlord
 13922 | Orc:2    | Gained mutation: Your body sometimes deteriorates upon
                  | taking damage. [a neqoxec]
 14089 | Orc:1    | Killed an orc warlord
 14136 | Orc:2    | Noticed a two-headed ogre
 14136 | Orc:2    | Noticed a two-headed ogre
 14141 | Orc:2    | Noticed a two-headed ogre
 14141 | Orc:2    | Paralysed by an orc sorcerer for 3 turns
 14144 | Orc:2    | HP: 4/110 [orc warrior/+0 halberd of distortion[an orc
                  | warlord] (26)]
 14144 | Orc:2    | Mangled by an orc warrior

Illustrated notes

Levels and vault maps discovered:
D:1:      dpeg_arrival_tiny_a, layout_loops_cross
D:2:      layout_loops_ring, uniq_robin, uniq_sigmund
D:3:      layout_basic, ebering_ghost_reflecting_pool,
          shapermc_ecumenical_altar_hornbeckon, nrook_uturn,
          minmay_misc_feat_four_crosses
D:4:      kennysheep_spiral_hall, layout_layer_cave, serial_shops,
          nicolae_shop_advertising_works [nicolae_subvault_shop_adworks],
          nicolae_square_shop, nicolae_shop_stone
D:5:      layout_basic, st_stairs_7, uniq_duvessa, uniq_pikel, uniq_eustachio,
          uniq_menkaure
D:6:      layout_gridville, old_standard_altar, serial_shops, kennysheep_mini,
          shop_fountains, hangedman_abyss_or_decor_passed, uniq_prince_ribbit1
D:7:      layout_loops_ring, minmay_temple_entry_antechambers,
          columned_hall_lemuel
D:8:      minmay_the_grid_triangle_9x9_recursive_2
          [minmay_the_grid_triangle_9x9_prize_top_heavy,
          minmay_the_grid_triangle_9x9_cache,
          minmay_the_grid_triangle_9x9_warning,
          minmay_the_grid_triangle_9x9_odd_lines], layout_basic,
          grunt_livestock, minmay_misc_feat_hallway
D:9:      layout_rooms, lemuel_round_altar, nicolae_diode_basic
D:10:     layout_rooms, serial_shops, nicolae_shop_waterfront,
          roderic_lattice_a, dk_noncrumbling_4, uniq_snorg
D:11:     layout_big_octagon
D:12:     layout_basic, hiddenorc2_lemuel
Temple:   mainiacjoe_temple_cubbyholes
Orc:1:    layout_caves
Orc:2:    st_orc_ogre_mass, layout_caves

Skill      XL: |  1  2  3  4  5  6  7  8  9 10 11 12 |
---------------+-------------------------------------+-----
Fighting       | 4 5 6 7 9 10 11 12 | 12.2
Armour         | 4 5 6 7 9 10 11 12 | 12.4
Axes           | 3 4 5 6 7 8 10 11 12 | 12.0
Shields        | 4 5 6 7 8 9 |  9.1
Polearms       | 1 2 3 5 6 7 9 10 11 | 11.5
Throwing       | 1 3 |  3.8
Invocations    | 1 3 |  3.7
Evocations     | 1 3 |  3.5

Action                   |  1- 3 |  4- 6 |  7- 9 | 10-12 || total
-------------------------+-------+-------+-------+-------++-------
Melee: War axe           |    89 |     8 |       |       ||    97
       Headbutt          |    12 |    15 |    44 |   122 ||   193
       Spear             |       |   115 |   228 |   617 ||   960
Throw: Javelin           |       |       |     2 |    14 ||    16
  Use: Potion            |       |       |       |     1 ||     1
Armor: Scale mail        |    48 |    13 |       |       ||    61
       Plate armour      |       |    11 |    61 |    97 ||   169
Dodge: Dodged            |    43 |    36 |    30 |    63 ||   172
Block: Buckler           |    20 |    21 |    31 |    83 ||   155
